 Dungeon Crawl Stone Soup version 0.29.1-13-g9f3cf754e1 (webtiles) character file.

Game seed: 15907854461176984499

721 Iago the Skirmisher (level 7, -8/33 HPs)
             Began as a Spriggan Hunter on Jan 21, 2023.
             Was an Initiate of Hepliaklqana.
             Killed from afar by an orc wizard (10 damage)
             ... with a magic dart
             ... on level 5 of the Dungeon.
             The game lasted 00:27:58 (5478 turns).

Iago the Skirmisher (Spriggan Hunter)               Turns: 5478, Time: 00:27:59

Health: -8/33      AC:  2    Str:  7    XL:     7   Next: 43%
Magic:  17/17      EV: 19    Int: 11    God:    Hepliaklqana [......]
Gold:   165        SH:  0    Dex: 20    Spells: 6/6 levels left

rFire   . . .      SeeInvis +   a - +0 shortbow
rCold   . . .      Faith    .   (shield currently unavailable)
rNeg    . . .      Spirit   .   c - +0 robe
rPois   .          Reflect  .   (helmet restricted)
rElec   .          Harm     .   (no cloak)
rCorr   .          Rampage  .   (gloves unavailable)
Will    +....                   (boots unavailable)
Stlth   +++.......              (no amulet)
HPRegen 0.11/turn               r - ring of magical power
MPRegen 0.15/turn               (no ring)

@: very quick
A: very small, no large weapons, unfitting armour, see invisible, speed 3
a: Renounce Religion


You were on level 5 of the Dungeon.
You worshipped Hepliaklqana.
Hepliaklqana was noncommittal.
You visited 2 branches of the dungeon, and saw 6 of its levels.

You collected 165 gold pieces.

Inventory:

Hand Weapons
 a - a +0 shortbow (weapon)
 b - a +7 club
Missiles
 o - 11 poisoned darts
Armour
 c - a +0 robe (worn)
Jewellery
 r - a ring of magical power (left hand)
Wands
 p - a wand of flame (36)
 w - a wand of iceblast (4)
Scrolls
 d - 3 scrolls of immolation
 e - 6 scrolls of identify {unknown}
 g - a scroll of butterflies {unknown}
 h - a scroll of noise {unknown}
 k - a scroll of teleportation {unknown}
 s - a scroll of enchant armour {unknown}
 v - a scroll of magic mapping {unknown}
Potions
 f - 2 potions of brilliance {unknown}
 i - 3 potions of lignification {unknown}
 j - a potion of invisibility {unknown}
 l - 2 potions of curing {unknown}
 m - 2 potions of flight {unknown}
 n - a potion of might {unknown}
 q - a potion of mutation {unknown}
 t - a potion of heal wounds {unknown}
 u - a potion of degeneration {unknown}
 x - a potion of attraction {unknown}


   Skills:
 - Level 1.5 Fighting
 * Level 8.2 Ranged Weapons
 * Level 4.1 Dodging
 * Level 4.2 Stealth
 * Level 0.3 Invocations
 * Level 2.3 Evocations


You had 6 spell levels left.
You didn't know any spells.
Your spell library contained the following spells:

 Spells                   Type           Power      Damage    Failure   Level
 Summon Small Mammal      Summ           0%         N/A       34%         1
 Call Canine Familiar     Summ           0%         N/A       71%         3
 Conjure Flame            Conj/Fire      0%         6-21      71%         3
 Ignite Poison            Fire/Tmut/Pois 0%         N/A       71%         3
 Summon Guardian Golem    Hex/Summ       0%         N/A       71%         3
 Fulminant Prism          Conj/Hex       0%         3d6       98%         4
 Iskenderun's Mystic Bla  Conj/Tloc      0%         2d3       98%         4
 Sticky Flame             Conj/Fire      0%         2d3       98%         4
 Lee's Rapid Deconstruct  Erth           0%         3d5*      100%        5


Dungeon Overview and Level Annotations

Branches:
Dungeon (5/15)             Temple (1/1) D:5

Altars:
Cheibriados
Dithmenos
Elyvilon
Fedhas
Gozag
Hepliaklqana
Makhleb
Okawaru
Qazlal
Ru
Sif Muna
Trog
Uskayaw
Vehumet
Wu Jian
Xom
Yredelemnul
Zin

Shops:
D:5 (

Annotations:
D:2 exclusion: downstairs


Innate Abilities, Weirdness & Mutations

You are very small and have problems with some larger weapons.
You are too small for most types of armour.
You have supernaturally acute eyesight. (SInv)
You cover ground extremely quickly. (Speed+++)


Message History

The howler monkey is almost dead.
The howler monkey hits you. The orc wizard misses you.
You hit the howler monkey.
You kill the howler monkey!
The orc wizard hits you with a +0 dagger.
You closely miss the orc.
The orc wizard hits you with a +0 dagger.
The orc closely misses you.
The orc wizard points at you and mumbles some strange words.
The magic dart hits you!
* * * LOW HITPOINT WARNING * * *
The orc closely misses you.
Unknown command.
a - a +0 shortbow (weapon)
You are too injured to fight recklessly!
Fire: a) +0 shortbow
Press: ? - help, Q - select action, (/) - cycle Shift-Dir - straight line, f - orc wizard
Aim: an orc wizard, wielding a +0 dagger and wearing a +0 robe (slightly transparent, 60% to hit)
You shoot an arrow. The arrow barely misses the orc wizard.
The arrow hits the orc.
The orc is moderately wounded.
The orc wizard points at you and mumbles some strange words.
You resist with almost no effort.
Fire: a) +0 shortbow
Press: ? - help, Q - select action, (/) - cycle Shift-Dir - straight line, f/p - orc wizard
Aim: an orc wizard, wielding a +0 dagger and wearing a +0 robe (slightly transparent, 60% to hit)
You shoot an arrow. The arrow misses the orc wizard.
Fire: a) +0 shortbow
Press: ? - help, Q - select action, (/) - cycle Shift-Dir - straight line, f/p - orc wizard
Aim: an orc wizard, wielding a +0 dagger and wearing a +0 robe (slightly transparent, 60% to hit)
You shoot an arrow. The arrow hits the orc wizard.
The orc wizard is lightly wounded.
Fire: a) +0 shortbow
Press: ? - help, Q - select action, (/) - cycle Shift-Dir - straight line, f/p - orc wizard
Aim: an orc wizard, wielding a +0 dagger and wearing a +0 robe (lightly wounded, slightly transparent, 60% to hit)
You shoot an arrow. The arrow hits the orc wizard.
The orc wizard is lightly wounded.
The orc wizard points at you and mumbles some strange words.
The magic dart hits you!
You die...

......##
..).##
#######
#...##
#..##
##).#
#(.##
##.##
##o##
######
###o##
.....#
##.@##
#....##
##..##
###...#
#...#
#...#
#...##
##..##
##...#
##...#
##..#
#...##
##†#
....#
#.#
....#
#.#


You could see an orc wizard (invisible) and an orc.

Vanquished Creatures
  A black bear (D:5)
  2 scorpions (D:4)
  2 howler monkeys (D:5)
  A hound (D:5)
  An orc priest (D:5)
  Jessica (D:2)
  Ijyb (D:3)
  2 iguanas (D:5)
  An orc wizard (D:3)
  7 gnolls
  8 adders
  2 river rats (D:5)
  4 worms
  A dart slug (D:3)
  7 orcs
  7 bats
  6 endoplasms
  4 giant cockroaches
  7 goblins
  4 hobgoblins
  5 jackals
  2 quokkas
  11 ball pythons
  4 frilled lizards
  6 kobolds
  8 rats
105 creatures vanquished.

Notes
Turn   | Place    | Note
-------+----------+-------------------------------------------
     0 | D:1      | Iago the Spriggan Hunter began the quest for the Orb.
     0 | D:1      | Reached XP level 1. HP: 10/10 MP: 2/2
   155 | D:1      | Reached XP level 2. HP: 14/14 MP: 3/3
   783 | D:2      | Reached XP level 3. HP: 18/18 MP: 4/4
  1143 | D:2      | Reached skill level 5 in Ranged Weapons
  1273 | D:2      | Noticed Jessica
  1276 | D:2      | Killed Jessica
  1277 | D:2      | Reached XP level 4. HP: 22/22 MP: 5/5
  1342 | D:2      | Found a faded altar of an unknown god.
  1660 | D:2      | Found a blossoming altar of Fedhas.
  1825 | D:3      | Identified the +1 buckler of Kueck {Int+6 Dex-5 SInv}
  1834 | D:3      | Noticed Ijyb
  1846 | D:3      | HP: 1/22 [Ijyb/puff of flame (9)]
  2404 | D:3      | Killed Ijyb
  2406 | D:3      | Reached XP level 5. HP: 25/25 MP: 6/6
  2576 | D:3      | Reached skill level 6 in Ranged Weapons
  3023 | D:3      | Identified the +0 leather armour of Fedhas's Favour {rC+++
                  | Regen+ Dex-2}
  3400 | D:4      | Reached skill level 1 in Evocations
  3474 | D:4      | Reached XP level 6. HP: 30/30 MP: 7/7
  3720 | D:4      | Reached skill level 7 in Ranged Weapons
  3881 | D:4      | Found a bloodstained altar of Trog.
  4070 | D:5      | Entered Level 5 of the Dungeon
  4086 | D:5      | Found Ateops's Antique Weapon Emporium.
  4416 | D:5      | Found a basalt altar of Yredelemnul.
  4456 | D:5      | Reached XP level 7. HP: 7/33 MP: 8/8
  5143 | D:5      | Found a staircase to the Ecumenical Temple.
  5176 | Temple   | Entered the Ecumenical Temple
  5275 | Temple   | Became a worshipper of Hepliaklqana the Forgotten
  5429 | D:5      | Reached skill level 8 in Ranged Weapons
  5468 | D:5      | HP: 1/33 [orc wizard/magic dart (11)]
  5478 | D:5      | Killed from afar by an orc wizard

Illustrated notes

Levels and vault maps discovered:
D:1:      saegor_arrival_simple_b, layout_basic, minmay_misc_feat_hallway
D:2:      layout_loops_ring, basic_altar, nicolae_ecumenical_snake_handling,
          uniq_jessica
D:3:      layout_loops_cross, nicolae_eternal_life, st_stairs_10, uniq_ijyb
D:4:      layout_loops_ring, kennysheep_mini, grunt_ministairs_13
D:5:      layout_layer_cave, mainiacjoe_overflow_24_doors,
          minmay_temple_entry_poolview, gup_sewer_entry_spiral, serial_shops,
          nicolae_stop_n_shop_1, minmay_diced_spiral
Temple:   minmay_temple_bridge_d

Skill      XL: |  1  2  3  4  5  6  7 |
---------------+----------------------+-----
Stealth        | 2 3 4 |  4.2
Dodging        | 3 4 |  4.1
Ranged Weapons | 5 6 7 8 |  8.2
Evocations     | 1 2 |  2.3
Fighting       | |  1.5
Invocations    | |  0.3

Action                   |  1- 3 |  4- 6 |  7- 9 || total
-------------------------+-------+-------+-------++-------
Melee: Club              |     2 |    18 |    22 ||    42
       Dagger            |     2 |       |       ||     2
 Fire: Shortbow          |    63 |   159 |    39 ||   261
 Stab: Sleeping          |       |     1 |       ||     1
Armor: Robe              |     3 |     4 |     4 ||    11
Dodge: Dodged            |    10 |    27 |    24 ||    61
